 BcadrenCrawl: Boulder Brew version 0.04.2-15-ge27eb88979 (webtiles) character file.

Game seed: 16149401205952502541, levelgen mode: deterministic

13984 gruber the Severer (level 12, 0/108 HPs) Hill Orc Demonspawn. Began on May 15, 2021. Was a Priest of Makhleb. Slain by a meliai ... wielding a +0 hammer (12 damage) ... on level 7 of the Dungeon. The game lasted 00:18:37 (6857 turns).

gruber the Severer (Hill Orc Demonspawn)            Turns: 6857, Time: 00:18:38

Health: 0/108      AC: 15    Str: 22    XL:     12 ^: 12004
Magic:  20/20      EV: 11    Int: 12    God:    Makhleb [3* [92]]
Gold:   418        SH:  5    Dex: 10    Spells: 10/13 levels left

rFire    + + +     Vision   .   a - +0 war axe
rCold    . . .     Gourm    .   e - +2 buckler {rC+ rF+}
rNeg     . . .     Faith    .   E - +0 fire dragon scales
rPois    +         Spirit   .   b - +0 helmet
rElec    .         Reflect  .   t - scarf {repulsion}
rCorr    .         Harm     .   (no gloves)
MR       .....                  r - +1 pair of boots
Stlth    ..........             (no amulet)
HPRegen  1.46/turn              k - ring of poison resistance
MPRegen  0.30/turn              (no ring)

@: studying Polearms, repel missiles
A: hooves 2, yellow scales 1, demonic guardian 2, powered by death 2
a: Minor Destruction, Lesser Servant of Makhleb, Renounce Religion


You were on level 7 of the Dungeon.
You worshipped Makhleb.
Makhleb was most pleased with you.
You were hungry.

You visited 2 branches of the dungeon, and saw 8 of its levels.

You collected 418 gold pieces.

Inventory:

Weapons
 a - a +0 war axe (weapon)
 s - a +2 whip of molten steel Shields
 e - a +2 buckler of resistance (shield)
Armour
 b - a +0 helmet (worn)
 p - a +0 ring mail
 r - a +1 pair of boots (worn)
 t - a scarf of repulsion (worn)
 E - +0 fire dragon scales (worn)
Jewellery
 k - a ring of poison resistance (left hand)
 A - a cursed ring of fire {(Curse: Slay-6)}
Wands
 g - a wand of polymorph (17)
 j - a wand of disintegration (1)
 v - a wand of ensnaring (1)
Scrolls
 h - 3 scrolls of magic mapping
 i - 3 scrolls of enchantment
 l - 2 scrolls of blinking
 o - 2 scrolls of teleportation
 q - 3 scrolls of amnesia
 y - a scroll of fog
Potions
 c - a potion of haste
 f - 3 potions of heal wounds
 m - 2 potions of might
 n - 3 potions of agility
 u - 2 potions of berserk rage
 w - 3 potions of curing
 x - a potion of brilliance
 z - a potion of beneficial mutation
 B - a potion of magic
 C - 2 potions of ambrosia
 D - a potion of invisibility
 F - 2 potions of resistance
Miscellaneous
 G - a lightning rod (4/4)
Comestibles
 d - 19 rations


   Skills:
 - Level 10.6 Fighting
 - Level 15.0 Axes & Hammers
 * Level 6.3 Armour
 - Level 2.4 Dodging
 - Level 1.5 Stealth
 - Level 5.2 Shields
 - Level 1.0 Spellcasting
 - Level 2.1 Fire Magic
 - Level 11.0 Invocations


You had 10 spell levels left.
You knew the following spells:

 Your Spells              Type           Power        Failure   Level  Hunger
a - Flame Tongue          Fire           5 (30)       21%         1    ##.....
b - Blink                 Tloc           N/A          58%         2    ###....

Your spell library contained the following spells:

 Spells                   Type           Power        Failure   Level  Hunger
 Conjure Flame            Fire           5 (100)      52%         3    ####...
 Call Imp                 Summ           0 (100)      58%         2    ###....
 Slow                     Hex            0 (100)      58%         2    ###....
 Sublimation of Blood     Necr           0 (200)      58%         2    ###....
 Ignite Poison            Fire/Tmut      3 (100)      67%         3    ####...
 Mephitic Cloud           Pois/Air       0 (100)      83%         3    ####...
 Petrify                  Tmut/Erth      0 (100)      99%         4    #####..
 Irradiate                Tmut/Pois      0 (200)      100%        5    ######.
 Eringya's Noxious Bog    Tmut/Pois      0 (200)      100%        6    #######


Dungeon Overview and Level Annotations

Branches:
Dungeon (7/8)              Temple (1/1) D:4            Lair (0/6) D:5
    Orc (0/2) D:6
 Vaults: D:7

Altars:
Ashenzari
Beogh
Cheibriados
Dithmenos
Elyvilon
Fedhas Madash
Gozag Ym Sagoz
Hepliaklqana
Makhleb
Nemelex Xobeh
Okawaru
Qazlal
Sif Muna
Trog
Uskayaw
Vehumet
Wu Jian
Xom
Yredelemnul
Zin
The Shining One

Shops:
D:2 *   D:3 =

Annotations:
D:4 2 transporters, EtherCrawl's ghost, novice FoFi


Innate Abilities, Weirdness & Mutations

You have hoof-like feet.
You are partially covered in yellow scales. (AC +2)
A demonic guardian rushes to your aid.
You regenerate health from kills.


Message History

The meliai is moderately wounded. (16/24) HP The meliai mumbles some strange prayers to its god against you.
Something smites you!
* * * LOW HITPOINT WARNING * * *
The centaur picks up a +3 scimitar of molten steel.
The centaur wields a +3 scimitar of molten steel.
The surface melts into red hot liquid metal!
The centaur drops a +0 shortbow.
The centaur picks up a +0 arbalest.
The centaur wields a +0 arbalest.
You slash the meliai (12)!
The meliai is severely wounded. (5/24) HP The meliai invokes the aid of its god against you.
Something smites you!
* * * LOW HITPOINT WARNING * * *
You hear an immense crack.
The boulder explodes!
The explosion of boulder fragments engulfs your ice devil but does no damage (0).
The explosion of boulder fragments engulfs you but does no damage (0).
The meliai hits you with a +0 hammer (12)!
You die...

###..... ##......
##...... #......#
#.....# #.c.###
#.....#....
##y#.....C..
#.@#.........
##.#.......... .#
##..##........###.#
##...##........#....
#...................
##..................
####.............#
##..............##
##......†......#..#.


You could see a meliai and a centaur.

Vanquished Creatures
  A fire dragon (D:7)
  An unseen horror (D:6)
  Pikel (D:4)
  A wizard (D:7)
  A death yak (D:5)
  Maurice (D:6)
  An efreet (D:7)
  2 hippogriffs (D:6)
  2 cyclopes (D:6)
  2 yaks (D:5)
  A wyvern (D:6)
  A basilisk (D:7)
  2 slime creatures (D:6)
  A vampire mosquito (D:6)
  2 orc warriors
  A two-headed ogre zombie (D:6)
  2 water moccasins
  A phantom (D:6)
  3 ice beasts
  6 porcupines
  An eye of draining (D:7)
  2 ogres (D:3)
  A crocodile (D:6)
  2 rock worm zombies (D:6)
  4 bullfrogs
  4 big kobolds
  3 howler monkeys
  A meliai zombie (D:7)
  2 centaurs
  A killer bee (D:6)
  A quasit (D:5)
  2 crimson imps (D:4)
  2 orc priests
  6 hounds
  9 jellies
  3 orc wizards
  An iguana (D:4)
  5 ogre zombies (D:6)
  4 worker ants
  6 giant cockroaches
  3 bullfrog zombies
  A porcupine zombie (D:5)
  6 adders
  16 sewer rats
  A white imp (D:4)
  4 worms
  9 cinder newts
  5 oozes (D:2)
  5 leopard geckos
  13 orcs
  An adder skeleton (D:2)
  11 bats
  A goblin (D:1)
  4 hobgoblins (D:1)
  2 quokkas
  4 ball pythons (D:2)
  A bat skeleton (D:2)
  A goblin skeleton (D:6)
  2 goblin zombies (D:6)
  A hobgoblin skeleton (D:6)
  2 hobgoblin zombies (D:6)
  21 kobolds
  A leopard gecko skeleton (D:2)
  5 orc skeletons (D:6)
  11 orc zombies (D:6)
  6 rats (D:1)
  2 rat skeletons (D:2)
  2 slaves (D:4)
  11 withered plants (D:2)
245 creatures vanquished.

Vanquished Creatures (collateral kills)
  An unseen horror (D:7)
  A tengu warrior (D:7)
  2 two-headed ogres (D:5)
  2 hydras
  2 death yaks (D:5)
  A rock worm (shapeshifter) (D:7)
  An ugly thing (D:6)
  A wraith (D:6)
  2 dream sheep (D:4)
  2 hippogriffs (D:6)
  6 yaks
  A vampire mosquito (D:6)
  An orc warrior (D:6)
  A water moccasin (D:2)
  A two-headed ogre zombie (D:6)
  3 porcupines
  5 big kobolds
  A centaur (D:5)
  An orc priest (D:4)
  A jelly (D:2)
  A hell rat (D:5)
  An ogre zombie (D:6)
  A bullfrog skeleton (D:6)
  A sewer rat (D:5)
  An orc (D:4)
  2 kobolds (D:2)
  An orc skeleton (D:6)
  An orc zombie (D:6)
  A butterfly (D:6)
  2 slaves (D:4)
48 creatures vanquished.

Vanquished Creatures (others)
  2 slimeheads (D:2)
  104 withered plants (D:2)
106 creatures vanquished.

Grand Total: 399 creatures vanquished

Notes
Turn   | Place    | Note
-------+----------+-------------------------------------------
     0 | D:1      | gruber the Hill Orc Demonspawn began the quest for the Orb.
     0 | D:1      | Reached XP level 1. HP: 16/16 MP: 3/3
     7 | D:1      | Reached skill level 3 in Axes & Hammers
    30 | D:1      | Gained mutation: You regenerate a little health from kills.
                  | [demonic ancestry]
    30 | D:1      | Reached XP level 2. HP: 23/23 MP: 4/4
    72 | D:1      | Reached skill level 4 in Axes & Hammers
    72 | D:1      | Gained mutation: You are partially covered in yellow
                  | scales. (AC +2) [demonic ancestry]
    72 | D:1      | Reached XP level 3. HP: 28/28 MP: 5/5
   261 | D:1      | Reached skill level 5 in Axes & Hammers
   409 | D:2      | Gained mutation: A weak demonic guardian rushes to your
                  | aid. [demonic ancestry]
   409 | D:2      | Reached XP level 4. HP: 32/35 MP: 6/6
   452 | D:2      | Noticed a bullfrog
   457 | D:2      | Killed a bullfrog
   457 | D:2      | Reached skill level 6 in Axes & Hammers
   457 | D:2      | Reached XP level 5. HP: 24/40 MP: 7/7
   635 | D:2      | Reached skill level 7 in Axes & Hammers
   663 | D:2      | Gained mutation: A demonic guardian rushes to your aid.
                  | [demonic ancestry]
   663 | D:2      | Reached XP level 6. HP: 47/47 MP: 8/8
   848 | D:2      | Reached skill level 8 in Axes & Hammers
   993 | D:2      | Reached XP level 7. HP: 46/52 MP: 9/9
  1068 | D:2      | Reached skill level 1 in Shields
  1070 | D:2      | Reached skill level 9 in Axes & Hammers
  1116 | D:2      | Found a glowing silver altar of Zin.
  1170 | D:2      | Reached skill level 10 in Axes & Hammers
  1196 | D:2      | Found Gaveuruapla's General Store.
  1259 | D:2      | Found a shimmering blue altar of Sif Muna.
  1414 | D:2      | Found a snail-covered altar of Cheibriados.
  1441 | D:2      | Gained mutation: You regenerate health from kills. [demonic
                  | ancestry]
  1441 | D:2      | Reached XP level 8. HP: 57/59 MP: 10/10
  1728 | D:2      | Reached skill level 11 in Axes & Hammers
  2567 | D:3      | Found Fycleor's Jewellery Shop.
  2772 | D:3      | Found a glowing golden altar of the Shining One.
  2996 | D:4      | Found a transporter.
  2996 | D:4      | Noticed EtherCrawl's ghost (novice FoFi)
  3005 | D:4      | Reached skill level 5 in Shields
  3017 | D:4      | Found a staircase to the Ecumenical Temple.
  3044 | Temple   | Entered the Ecumenical Temple
  3085 | Temple   | Became a worshipper of Makhleb the Destroyer
  3164 | D:4      | Found a shattered altar of Ashenzari.
  3177 | D:4      | Reached skill level 1 in Armour
  3199 | D:4      | Noticed Pikel
  3229 | D:4      | Found a transporter.
  3242 | D:4      | Killed Pikel
  3242 | D:4      | Reached XP level 9. HP: 32/64 MP: 11/11
  3385 | D:4      | Reached skill level 5 in Armour
  4330 | D:4      | Reached * piety under Makhleb
  4330 | D:4      | Reached skill level 5 in Fighting
  4381 | D:4      | Noticed a three-headed hydra
  4388 | D:4      | Killed a three-headed hydra
  4388 | D:4      | Gained mutation: You have large cloven feet. [demonic
                  | ancestry]
  4388 | D:4      | Reached XP level 10. HP: 28/88 MP: 12/12
  4507 | D:5      | Entered Level 5 of the Dungeon
  4515 | D:5      | Found a white marble altar of Elyvilon.
  4610 | D:5      | Noticed a two-headed ogre
  4617 | D:5      | Killed a two-headed ogre
  4749 | D:5      | Noticed a two-headed ogre
  4763 | D:5      | Killed a two-headed ogre
  4763 | D:5      | Reached skill level 10 in Fighting
  4919 | D:5      | Noticed a death yak
  4925 | D:5      | Noticed a death yak
  4931 | D:5      | Noticed a death yak
  4943 | D:5      | Killed a death yak
  4943 | D:5      | Reached ** piety under Makhleb
  4944 | D:5      | Killed a death yak
  4944 | D:5      | Reached skill level 12 in Axes & Hammers
  4949 | D:5      | Killed a death yak
  4949 | D:5      | Gained mutation: You have hoof-like feet. [demonic
                  | ancestry]
  4949 | D:5      | Reached XP level 11. HP: 91/101 MP: 13/13
  4982 | D:5      | Found a staircase to the Lair.
  5059 | D:5      | Found a shimmering altar of Xom.
  5447 | D:5      | Found a basalt altar of Yredelemnul.
  5684 | D:6      | Reached skill level 13 in Axes & Hammers
  5830 | D:6      | Noticed Maurice
  5843 | D:6      | Killed Maurice
  5899 | D:6      | Found a staircase to the Orcish Mines.
  5903 | D:6      | Reached skill level 14 in Axes & Hammers
  5907 | D:6      | Reached *** piety under Makhleb
  5994 | D:6      | Learned a level 2 spell: Blink
  6063 | D:6      | Killed an unseen horror
  6286 | D:6      | Reached skill level 15 in Axes & Hammers
  6475 | D:7      | Noticed a four-headed hydra
  6479 | D:7      | Noticed a fire dragon
  6482 | D:7      | Killed a four-headed hydra
  6491 | D:7      | Killed a fire dragon
  6743 | D:7      | Noticed a tengu warrior
  6744 | D:7      | Noticed a wizard
  6756 | D:7      | Killed a wizard
  6756 | D:7      | Killed a tengu warrior
  6764 | D:7      | Reached skill level 10 in Invocations
  6764 | D:7      | Reached XP level 12. HP: 82/108 MP: 19/19
  6857 | D:7      | Slain by a meliai

Levels and vault maps discovered:
D:1:      saegor_arrival_simple_a, layout_rooms
D:2:      layout_sewer, cheibriados_altar_1, lemuel_blue_sif_altar,
          serial_shops, nicolae_shop_crystal, basic_altar
D:3:      layout_loops_ring, kennysheep_little_box, serial_shops, shop,
          first_ration
D:4:      layout_basic, overflow_temple_1_default, minmay_temple_entry_tees,
          gammafunk_ghost_arena, hangedman_ranch [blue_anna_fruit_fields],
          uniq_pikel
D:5:      layout_long_grid, nicolae_overflow_hidden_temple, kennysheep_mini,
          dpeg_lair_monsters, elyvilon_altar_1
D:6:      layout_loops_cross, zombieorc2_lemuel, uniq_maurice
D:7:      layout_cave_pools, grunt_vaults_entry_fortified, serial_shops,
          shop_statue, serial_glass, glass_columns_a, glass_columns_b
Temple:   nicolae_temple_elliptical

Skill      XL: |  1  2  3  4  5  6  7  8  9 10 11 12 |
---------------+-------------------------------------+-----
Axes & Hammers | 3 4 5 6 7 8 10 11 12 15 | 15.0
Shields        | 1 5 |  5.2
Armour         | 4 6 |  6.3
Fighting       | 7 10 | 10.6
Invocations    | 10 11 | 11.0
Dodging        | |  2.4
Stealth        | |  1.5
Spellcasting   | |  1.0
Fire Magic     | |  2.1

Action                   |  1- 3 |  4- 6 |  7- 9 | 10-12 || total
-------------------------+-------+-------+-------+-------++-------
Melee: War axe           |    32 |   115 |   195 |   226 ||   568
       Unarmed           |     5 |       |       |       ||     5
       Whip              |       |       |     4 |     3 ||     7
Invok: Minor Destruction |       |       |       |     3 ||     3
       Lesser Servant of |       |       |       |     3 ||     3
 Stab: Sleeping          |     2 |       |       |       ||     2
       Distracted        |       |       |       |     1 ||     1
  Eat: Chunk             |       |       |    12 |     8 ||    20
Armor: Leather armour    |     7 |    47 |    18 |       ||    72
       Ring mail         |       |       |    33 |    67 ||   100
       Fire dragon scale |       |       |       |    22 ||    22
Dodge: Dodged            |    26 |    90 |    95 |    74 ||   285
       Deflected         |       |       |       |     2 ||     2
Block: Buckler           |       |    10 |    24 |    36 ||    70
